 Dungeon Crawl Stone Soup version 0.31-a0-237-g2d982f9f85 (webtiles) character file.

Game seed: 14628792924213217391

80 qw the Shooter (level 4, 0/36 HPs)
             Began as a Minotaur Hexslinger on July 11, 2023.
             Slain by a cerulean imp
             ... wielding a +2 spear
             ... summoned by Natasha
              (4 damage)
             ... on level 3 of the Dungeon.
             The game lasted 00:00:41 (1792 turns).

qw the Shooter (Minotaur Hexslinger)                Turns: 1792, Time: 00:00:42

Health: 0/36       AC:  5    Str: 13    XL:     4   Next: 18%
Magic:  4/4        EV: 16    Int: 10    God:
Gold:   75         SH:  0    Dex: 14    Spells: 4/5 levels left

rFire   + . .        Y - +0 shortbow
rCold   . . .        (shield currently unavailable)
rNeg    . . .        i - +0 ring mail
rPois   .            (helmet restricted)
rElec   .            (no cloak)
rCorr   .            (no gloves)
SInv    .            (no boots)
Will    .....        l - amulet of faith
Stlth   +            e - +5 ring of evasion
HPRegen 0.26/turn    j - ring of protection from fire
MPRegen 0.09/turn

%: faith
@: slowed, very slow
A: horns 2, retaliatory headbutt
a: no special abilities


You were on level 3 of the Dungeon.
You visited 1 branch of the dungeon, and saw 3 of its levels.

You collected 75 gold pieces.


Innate Abilities, Weirdness & Mutations

You have a pair of horns on your head.
You reflexively headbutt those who attack you in melee.


   Skills:
 - Level 2.0 Fighting
 + Level 4.5 Ranged Weapons
 - Level 1.0 Armour
 - Level 2.1 Dodging
 - Level 1.0 Spellcasting
 - Level 2.0 Hexes


You had 4 spell levels left.
You knew the following spells:

 Your Spells              Type           Power      Damage    Failure   Level
a - Slow                  Hex            16%        N/A       32%         1

Your spell library contained the following spells:

 Spells                   Type           Power      Damage    Failure   Level
 Inner Flame              Hex/Fire       2%         N/A       82%         3
 Portal Projectile        Hex/Tloc       4%         N/A       82%         3
 Cause Fear               Hex            2%         N/A       97%         4

Inventory:

Hand Weapons
 Y - a +0 shortbow (weapon)
Armour
 i - a +0 ring mail (worn)
Jewellery
 e - a +5 ring of evasion (left hand)
 j - a ring of protection from fire (right hand)
 l - an amulet of faith (around neck)
Scrolls
 b - 2 scrolls of identify
Potions
 a - a potion of mutation {unknown}
 c - a potion of cancellation {unknown}
 d - a potion of haste {unknown}
 f - a potion of curing {unknown}
 g - a potion of attraction {unknown}

Dungeon Overview and Level Annotations

Branches:
Dungeon (3/15)

Altars:
Uskayaw

Annotations:
D:3 Natasha


Message History

The arrow hits Natasha but does no damage.
Natasha is severely wounded.
Natasha misses you. x2
Natasha mumbles some strange words.
You shoot an arrow. The arrow hits Natasha!
You kill Natasha!
Natasha growls in agony!
The cerulean imp disappears in a puff of smoke!
Your surroundings suddenly seem different.
Natasha, Servant of Life and Death comes into view.
You have reached level 4!
You feel stronger.
You shoot an arrow. The arrow hits Natasha.
Natasha is moderately wounded.
Natasha mumbles some strange words.
You shoot an arrow. The arrow closely misses Natasha.
Natasha stares at you and mumbles some strange words.
You feel as though you will be slow longer.
The cerulean imp closely misses you. Natasha barely misses you.
You furiously retaliate!
You headbutt Natasha. You shoot an arrow. The arrow barely misses Natasha.
The cerulean imp barely misses you. Natasha barely misses you.
You furiously retaliate!
You headbutt Natasha, but do no damage.
The cerulean imp hits you from afar with a +2 spear.
Natasha claws you.
You shoot an arrow. The arrow closely misses Natasha.
The cerulean imp closely misses you.
Natasha wildly gestures.
Natasha's front paws start to glow.
Natasha claws you. The cerulean imp misses you. Natasha casts a spell at you.
You resist with some effort.
You shoot an arrow. The arrow hits Natasha.
Natasha is heavily wounded.
The cerulean imp hits you from afar with a +2 spear.
Natasha closely misses you.
The cerulean imp hits you but does no damage.
Natasha claws you.
You shoot an arrow. The arrow barely misses Natasha.
The cerulean imp hits you from afar with a +2 spear.
You die...

############ ...........#####
############........#
#...................#
#.######............#
#..............@..###
#....###.#....h...#
#....###.......5..# #######
.#..<.##...........# #......
............[......##### #......
###...#...%....#.......####......
.....##.......(#######.#.........
#######..................##......
..........####......##......


You could see Natasha and a cerulean imp (summoned).

Vanquished Creatures
  Natasha (D:3)
  An adder (D:2)
  A worm (D:2)
  A dart slug (D:1)
  2 ball pythons (D:2)
  3 endoplasms
  A giant cockroach (D:1)
  3 goblins
  6 hobgoblins
  2 jackals (D:2)
  7 kobolds
  A quokka (D:3)
  4 bats
  2 frilled lizards (D:1)
  3 rats
38 creatures vanquished.

Notes
Turn   | Place    | Note
-------+----------+-------------------------------------------
     0 | D:1      | qw the Minotaur Hexslinger began the quest for the Orb.
     0 | D:1      | Reached XP level 1. HP: 16/16 MP: 1/1
     0 | D:1      | 0 ||| qw: Version: 0.3-a-52-g30416fa
     0 | D:1      | 0 ||| qw: Game counter: 5439
     0 | D:1      | 0 ||| qw: Melee chars always use a shield: true
     0 | D:1      | 0 ||| qw: God list: Okawaru
     0 | D:1      | 0 ||| qw: Allow faded altars: false
     0 | D:1      | 0 ||| qw: Do Orc after clearing Dungeon:15 true
     0 | D:1      | 0 ||| qw: Do second Lair branch before Depths: true
     0 | D:1      | 0 ||| qw: Lair rune preference: random
     0 | D:1      | 0 ||| qw: Goals: Normal
     0 | D:1      | 0 ||| PLANNING D:1-11
    79 | D:1      | 79 ||| FLEEEEING.
   147 | D:1      | Reached skill level 3 in Ranged Weapons
   161 | D:1      | Reached XP level 2. HP: 23/23 MP: 2/2
   779 | D:1      | 779 ||| UPGRADING to +0 leather armour.
   789 | D:1      | 789 ||| DROPPING +0 robe.
   790 | D:1      | 790 ||| UPGRADING to +0 ring mail.
   800 | D:1      | 800 ||| DROPPING +0 leather armour.
   801 | D:1      | 801 ||| UPGRADING to amulet of faith.
   806 | D:1      | 806 ||| UPGRADING to +5 ring of evasion.
   807 | D:1      | 807 ||| UPGRADING to ring of protection from fire.
   808 | D:1      | 808 ||| READING scroll labelled LAUHOUH IDGHA.
   811 | D:1      | 811 ||| READING scroll labelled DEOCYSCHADO.
   812 | D:1      | 812 ||| READING scroll labelled KOIGU IZALIM.
   813 | D:1      | 813 ||| READING scroll labelled MUODOE RAAZ.
   859 | D:1      | 859 ||| DROPPING scroll of poison.
  1026 | D:2      | Found a faded altar of an unknown god.
  1051 | D:2      | Reached XP level 3. HP: 29/29 MP: 3/3
  1286 | D:2      | 1286 ||| SWAPPING to +0 shortbow.
  1287 | D:2      | 1287 ||| DROPPING +1 sling.
  1357 | D:2      | Reached skill level 4 in Ranged Weapons
  1603 | D:2      | 1603 ||| READING scroll labelled GIM VYSTORROI.
  1604 | D:2      | 1604 ||| READING scroll labelled NOICAE PUOL.
  1605 | D:2      | 1605 ||| READING scroll labelled PUUGOT ICOENA.
  1606 | D:2      | 1606 ||| READING scroll labelled SOANAI WIKI.
  1631 | D:3      | Found a hide-covered altar of Uskayaw.
  1635 | D:3      | Reached skill level 1 in Armour
  1774 | D:3      | Noticed Natasha
  1783 | D:3      | HP: 7/29 [Natasha (3)]
  1784 | D:3      | 1784 ||| READING scroll of teleportation.
  1786 | D:3      | Killed Natasha
  1786 | D:3      | Noticed Natasha
  1787 | D:3      | Reached XP level 4. HP: 10/36 MP: 4/4
  1789 | D:3      | HP: 8/36 [Natasha (2)]
  1791 | D:3      | HP: 3/36 [Natasha (3)]
  1792 | D:3      | Slain by a cerulean imp

Levels and vault maps discovered:
D:1:      kennysheep_arrival_seaside, layout_basic
D:2:      layout_basic, shapermc_ecumenical_altar_totnotflames,
          minmay_hedge_maze
D:3:      layout_basic, nicolae_uskayaw_dance_hall, uniq_natasha

Skill      XL: |  1  2  3 |
---------------+----------+-----
Ranged Weapons | 3 4 |  4.5
Fighting       | 2 |  2.0
Armour         | 1 |  1.0
Dodging        | |  2.1
Spellcasting   | |  1.0
Hexes          | |  2.0

Action                     |  1- 3 |  4- 6 || total
---------------------------+-------+-------++-------
   Fire: Sling             |    69 |       ||    69
         Shortbow          |    52 |     6 ||    58
    Use: Scroll            |     9 |       ||     9
 Armour: Ring mail         |     9 |     1 ||    10
         Robe              |     2 |       ||     2
  Dodge: Dodged            |    31 |     7 ||    38

Table legend:
 A = Non-vault XP
 B = Vault XP
 C = Vault XP percentage of total XP
 D = Non-vault monster count
 E = Vault monster count
 F = Vault count percentage of total count
                 A         B        C        D         E       F
            +---------+---------+-------+---------+---------+-------
      Total |      80 |      35 |  30.4 |      37 |       1 |   2.6
            +---------+---------+-------+---------+---------+-------
        D:1 |      24 |       0 |   0.0 |      13 |       0 |   0.0
        D:2 |      48 |       0 |   0.0 |      19 |       0 |   0.0
        D:3 |       8 |      35 |  81.4 |       5 |       1 |  16.7
            +---------+---------+-------+---------+---------+-------
